 Dungeon Crawl Stone Soup version 0.27.1-34-g3ba077fa99 (webtiles) character file.

Game seed: 14209409624124589787

2670 mcbry74 the Grappler (level 9, -2/80 HPs)
             Began as a Troll Berserker on Jan 25, 2022.
             Was an Elder of Trog.
             Shot with an arrow by a centaur (8 damage)
             ... on level 6 of the Dungeon.
             The game lasted 00:10:54 (2807 turns).

mcbry74 the Grappler (Troll Berserker)              Turns: 2807, Time: 00:10:54

Health: -2/80      AC:  4    Str: 30    XL:     9   Next: 37%
Magic:  8/8        EV: 14    Int:  3    God:    Trog [****..]
Gold:   96         SH:  0    Dex:  9    Spells: 8/8 levels left

rFire    + . .     SeeInvis .     - Unarmed
rCold    . . .     Faith    .   (no shield)
rNeg     . . .     Spirit   .   a - +0 animal skin
rPois    .         Reflect  .   (helmet restricted)
rElec    .         Harm     .   (no cloak)
rCorr    .         Rampage  .   (gloves unavailable)
Will     .....                  (boots unavailable)
Stlth    +.........             (no amulet)
HPRegen  1.23/turn              b - ring of protection from fire
MPRegen  0.11/turn              d - +4 ring of evasion

@: no status effects
A: large, unfitting armour, claws 3, regeneration 1, shaggy fur 1, tough skin 1
a: Renounce Religion, Berserk, Trog's Hand, Brothers in Arms


You were on level 6 of the Dungeon.
You worshipped Trog.
Trog was greatly pleased with you.
You visited 1 branch of the dungeon, and saw 6 of its levels.
You also visited: Ossuary.

You collected 122 gold pieces.
You spent 26 gold pieces at shops.

Inventory:

Hand Weapons
 q - a +1 flail of holy wrath
 w - a +0 giant spiked club
Armour
 a - a +0 animal skin (worn)
 x - a +0 cloak
Jewellery
 b - a ring of protection from fire (left claw)
 c - a ring of wizardry
 d - a +4 ring of evasion (right claw)
 r - a ring of flight
Wands
 s - a wand of polymorph (6)
Scrolls
 f - a scroll of blinking {unknown}
 g - 2 scrolls of teleportation {unknown}
 h - 2 scrolls of identify
 k - 2 scrolls of immolation {unknown}
 l - 2 scrolls of brand weapon {unknown}
 m - 3 scrolls of vulnerability {unknown}
 n - 2 scrolls of enchant weapon {unknown}
 o - a scroll of amnesia {unknown}
 v - a scroll of noise {unknown}
Potions
 e - 4 potions of curing {unknown}
 i - a potion of heal wounds {unknown}
 j - a potion of attraction {unknown}
 p - a potion of ambrosia {unknown}
 t - a potion of mutation {unknown}
 u - a potion of lignification {unknown}


   Skills:
 - Level 2.4 Fighting
 - Level 2.4 Dodging
 + Level 12.8 Unarmed Combat


You had 8 spell levels left.
You didn't know any spells.
Your spell library was empty.

Dungeon Overview and Level Annotations

Branches:
Dungeon (6/15)            Ossuary (visited)
 Temple: D:4-7

Altars:
Ashenzari
Fedhas

Shops:
D:2 *   D:3 =?


Innate Abilities, Weirdness & Mutations

You are too large for most types of armour.
You have claws for hands.
Your natural rate of healing is unusually fast.
You are covered in fur. (AC +1)
You have tough skin. (AC +1)


Message History

The centaur warrior zombie kicks you but does no damage.
You completely miss the centaur warrior zombie.
The centaur warrior zombie is almost destroyed.
The centaur warrior zombie barely misses you.
The centaur warrior zombie kicks you but does no damage.
You claw the centaur warrior zombie!
You destroy the centaur warrior zombie!
Trog accepts your kill.
Found a hand axe.
Found Ujegy's Incunabulum of Black Magic and Translocation.
Found a stone staircase leading up.
Found a stone staircase leading down.
A wight comes into view. It is wielding a +0 falchion.
A wight comes into view.
It is wielding a +0 flail and carrying a wand of iceblast (4).
The wight zaps a wand.
The mass of ice explodes!
The iceblast engulfs you!
You hear a shout!
You see here a +0 cloak.
x - a +0 cloak A centaur comes into view.
The centaur wields a +0 shortbow.
The centaur shoots an arrow.
The arrow hits you.
The wight zaps a wand.
The mass of ice explodes!
The iceblast engulfs you!
A wight comes into view. It is wielding a +4 great sword.
The centaur shoots an arrow.
The arrow barely misses you.
The centaur shoots an arrow.
The arrow hits you!
The wight zaps a wand.
The mass of ice explodes!
The iceblast engulfs you!
The centaur shoots an arrow.
The arrow hits you.
The centaur shoots an arrow.
The arrow hits you!
* * * LOW HITPOINT WARNING * * *
The centaur shoots an arrow.
The arrow closely misses you.
The centaur shoots an arrow.
The arrow hits you.
* * * LOW HITPOINT WARNING * * *
There is a stone staircase leading up, spattered with blood here.
The centaur shoots an arrow.
The arrow hits you.
* * * LOW HITPOINT WARNING * * *
You can't go up here!
The centaur shoots an arrow.
The arrow closely misses you.
There is a stone staircase leading up, spattered with blood here.
The centaur shoots an arrow.
The arrow hits you!
You die...

.......####..##.......#.....#...#
.......# ##..##................##
#.......# ...##............#...##
#......####. #...........#.....
............# ##.................
...#..#......##.........##.......
.###..#...#...#>.................
..# ... ## #..c..................
..##. #.@.z..........##.. .....#
#.#...z.........##. ......
#...###.z.......... .....#
....... #.......#.... ....###
................###.## ......##.
.............)z..# .# .........
.........######:.. .# .........
..........# ... ....[.... .. ..


You could see a centaur and 3 wights.

Vanquished Creatures
  Pikel (D:4)
  Grinder (D:4)
  Prince Ribbit (D:5)
  Eustachio (D:5)
  2 water moccasins (D:5)
  Edmund (D:5)
  A necrophage (D:6)
  2 ogres
  A phantom (D:5)
  A lemure (D:4)
  A water moccasin zombie (D:6)
  4 centaur zombies
  3 human zombies (Ossuary)
  4 hounds
  A jelly (D:6)
  3 iguanas (D:5)
  2 mummies (Ossuary)
  Robin (D:2)
  4 gnolls (D:4)
  6 adders
  A dart slug (D:2)
  4 orcs
  9 ball pythons
  3 bats (D:2)
  5 endoplasms
  2 giant cockroaches (D:2)
  15 goblins
  8 hobgoblins
  6 kobolds
  3 quokkas
  2 frilled lizards (D:3)
  6 hobgoblin zombies (Ossuary)
  2 jackal zombies (Ossuary)
  14 kobold zombies (Ossuary)
  8 orc zombies (Ossuary)
  2 rats (D:2)
  2 rat zombies (Ossuary)
133 creatures vanquished.

Notes
Turn   | Place    | Note
-------+----------+-------------------------------------------
     0 | D:1      | mcbry74 the Troll Berserker began the quest for the Orb.
     0 | D:1      | Reached XP level 1. HP: 22/22 MP: 0/0
    31 | D:2      | Found a faded altar of an unknown god.
   100 | D:2      | Found Mexaci's Assorted Antiques.
   105 | D:2      | Reached XP level 2. HP: 29/29 MP: 1/1
   157 | D:2      | Noticed Robin
   167 | D:2      | Reached skill level 4 in Unarmed Combat
   181 | D:2      | Reached XP level 3. HP: 30/36 MP: 2/2
   196 | D:2      | Killed Robin
   209 | D:2      | Reached ** piety under Trog
   343 | D:2      | Reached XP level 4. HP: 43/44 MP: 3/3
   405 | D:2      | Reached skill level 5 in Unarmed Combat
   715 | D:3      | Found Niehoogg's Jewellery Shop.
   715 | D:3      | Found Vatafu Pebumn's Magic Scroll Boutique.
   738 | D:3      | Bought a scroll of identify for 26 gold pieces
   902 | D:4      | Found a blossoming altar of Fedhas.
   941 | D:4      | Reached XP level 5. HP: 17/50 MP: 4/4
   959 | D:4      | Reached skill level 6 in Unarmed Combat
   989 | D:4      | Noticed a lemure
  1006 | D:4      | Noticed a lemure
  1006 | D:4      | Noticed Pikel
  1008 | D:4      | Noticed a lemure
  1014 | D:4      | Noticed a lemure
  1015 | D:4      | Killed a lemure
  1018 | D:4      | Killed Pikel
  1019 | D:4      | Reached skill level 8 in Unarmed Combat
  1019 | D:4      | Reached XP level 6. HP: 53/59 MP: 5/5
  1019 | D:4      | Reached XP level 7. HP: 60/66 MP: 6/6
  1348 | D:4      | Found a sand-covered staircase.
  1353 | Ossuary  | Entered an ossuary
  1367 | Ossuary  | Reached *** piety under Trog
  1472 | Ossuary  | Reached skill level 9 in Unarmed Combat
  1541 | Ossuary  | Reached **** piety under Trog
  1595 | D:4      | Noticed Grinder
  1604 | D:4      | Killed Grinder
  1605 | D:4      | Reached skill level 10 in Unarmed Combat
  1605 | D:4      | Reached XP level 8. HP: 46/74 MP: 7/7
  1903 | D:5      | Entered Level 5 of the Dungeon
  1995 | D:5      | Noticed Edmund
  2001 | D:5      | Killed Edmund
  2081 | D:5      | Reached skill level 11 in Unarmed Combat
  2300 | D:5      | Noticed Eustachio
  2310 | D:5      | Killed Eustachio
  2467 | D:5      | Noticed Prince Ribbit
  2478 | D:5      | Killed Prince Ribbit
  2479 | D:5      | Reached XP level 9. HP: 41/80 MP: 8/8
  2482 | D:5      | Reached skill level 12 in Unarmed Combat
  2647 | D:6      | Found a broken altar of Ashenzari.
  2805 | D:6      | HP: 4/80 [centaur/arrow (6)]
  2807 | D:6      | Shot with an arrow by a centaur

Illustrated notes

Levels and vault maps discovered:
D:1:      minmay_arrival_hallway, layout_basic, kennysheep_minor_cross,
          minmay_tripent
D:2:      layout_loops_ring, serial_shops, nicolae_shop_crystal,
          shapermc_ecumenical_altar_mp_highgroup, guppyfry_early_orc_mine,
          uniq_robin
D:3:      layout_basic, gammafunk_temple_overflow_elements, serial_shops, shop,
          shop, shop, shop
D:4:      layout_loops_ring, lemuel_crystal_altar, enter_ossuary_3,
          minmay_cupped, uniq_grinder, uniq_pikel
D:5:      layout_basic, kennysheep_big_empty_room, uniq_eustachio,
          uniq_prince_ribbit1, uniq_edmund
D:6:      layout_cave_pools, cheibrodos_ashenzari_chains

Skill      XL: |  1  2  3  4  5  6  7  8  9 |
---------------+----------------------------+-----
Unarmed Combat | 4 5 8 10 11 12 | 12.8
Fighting       | |  2.4
Dodging        | |  2.4

Action                   |  1- 3 |  4- 6 |  7- 9 || total
-------------------------+-------+-------+-------++-------
Melee: Unarmed           |    95 |    75 |   197 ||   367
       Punch             |     2 |       |    11 ||    13
Invok: Berserk           |       |     1 |       ||     1
  Use: Scroll            |       |     1 |       ||     1
Armor: Animal skin       |    55 |     8 |    40 ||   103
Dodge: Dodged            |    75 |    33 |    90 ||   198
